 Dungeon Crawl Stone Soup version 0.21.1-1-g345015f (webtiles) character file.

2185 mutatedcat the Magician (level 9, -12/69 HPs)
             Began as a Gnoll Skald on May 9, 2018.
             Was a Follower of Ru.
             Mangled by a wight
             ... wielding a +4 halberd
              (15 damage)
             ... on level 7 of the Dungeon on May 10, 2018.
             The game lasted 01:26:02 (8362 turns).

mutatedcat the Magician (Gnoll Skald)               Turns: 8362, Time: 01:26:03

Health: -12/69     AC: 16    Str: 14    XL:     9   Next: 33%
Magic:  18/18      EV: 13    Int: 17    God:    Ru [*.....]
Gold:   417        SH:  0    Dex: 18    Spells: 20/21 levels left

rFire    . . .     SeeInvis .   f - +1 hand axe (freeze)
rCold    . . .     Gourm    .   (no shield)
rNeg     . . .     Faith    .   L - +2 leather armour {MR+}
rPois    .         Spirit   .   (no helmet)
rElec    .         Reflect  .   Q - +0 cloak
rCorr    .         Harm     .   h - +2 pair of gloves
MR       +....                  J - +0 pair of boots
Stlth    +++.......             (no amulet)
HPRegen  0.21/turn              t - ring of stealth
MPRegen  0.16/turn              x - +4 ring of protection

@: about to teleport, heavily drained
A: distributed training, fangs 1, yellow scales 1, agile 1, blurry vision 1,
clever 1, weak 1, missing an eye, strong nose
a: Renounce Religion


You were on level 7 of the Dungeon.
You worshipped Ru.
Ru was aware of your devotion.
You were not hungry.

You visited 2 branches of the dungeon, and saw 8 of its levels.

You collected 417 gold pieces.

Inventory:

Hand Weapons
 a - a +0 mace
 b - a +0 short sword of speed
 e - a +1 dagger of venom
 f - a +1 hand axe of freezing (weapon)
 G - a +0 rapier
 K - a +0 whip
 P - a +2 quarterstaff of chaos
Missiles
 i - 60 sling bullets
 k - 7 tomahawks
 u - 103 arrows
 w - 42 bolts
 F - a throwing net (quivered)
Armour
 h - a +2 pair of gloves (worn)
 l - a +0 plate armour
 s - a +0 scale mail
 y - a +0 ring mail
 E - the +0 ring mail of Henotheism {Dex+5}
   (You found it on level 4 of the Dungeon)

   It affects your dexterity (+5).
 J - a +0 pair of boots (worn)
 L - a +2 leather armour of magic resistance (worn)
 M - a +2 robe of magic resistance
 Q - a +0 cloak (worn)
 R - the +1 robe of Geotyoly {*Corrode Regen+ Str+5 Stlth+}
   (You found it on level 6 of the Dungeon)

   It affects your strength (+5).
   It increases your rate of regeneration.
   It may corrode you when you take damage.
   It makes you more stealthy.
Jewellery
 n - an uncursed ring of magical power
 q - an uncursed ring of resist corrosion
 t - a ring of stealth (left hand)
 x - a +4 ring of protection (right hand)
 D - an uncursed ring of poison resistance
Wands
 B - a wand of digging (10)
Scrolls
 m - 3 scrolls of teleportation
 o - 3 scrolls of amnesia
 r - 3 scrolls of remove curse
 v - 3 scrolls of noise
 H - a scroll of fog
 O - a scroll of enchant armour {unknown}
Potions
 d - a potion of magic
 g - a potion of curing {unknown}
 A - a potion of resistance {unknown}
 I - a potion of agility {unknown}
 N - 2 potions of brilliance {unknown}
Books
 c - a book of Battle

   Spells                             Type                      Level
   a - Infusion                       Charms                       1
   b - Shroud of Golubria             Charms/Translocation         2
   c - Song of Slaying                Charms                       2
   d - Spectral Weapon                Hexes/Charms                 3
   e - Regeneration                   Charms/Necromancy            3
Comestibles
 p - 6 rations


   Skills:
 + Level 6.2(3.3) Fighting
 + Level 4.0(1.3) Short Blades
 + Level 4.0(1.3) Long Blades
 + Level 4.0(1.3) Axes
 + Level 6.2(3.3) Maces & Flails
 + Level 4.0(1.3) Polearms
 + Level 4.0(1.3) Staves
 + Level 4.0(1.3) Slings
 + Level 4.0(1.3) Bows
 + Level 4.0(1.3) Crossbows
 + Level 4.0(1.3) Throwing
 + Level 4.9(2.1) Armour
 + Level 6.2(3.3) Dodging
 + Level 4.0(1.3) Stealth
 + Level 4.0(1.3) Shields
 + Level 4.0(1.3) Unarmed Combat
 + Level 6.5(3.6) Spellcasting
 + Level 3.3(0.6) Conjurations
 + Level 3.3(0.6) Hexes
 + Level 6.4(3.5) Charms
 + Level 3.3(0.6) Summonings
 + Level 3.3(0.6) Necromancy
 + Level 3.3(0.6) Translocations
 + Level 3.3(0.6) Transmutations
 + Level 3.3(0.6) Fire Magic
 + Level 3.3(0.6) Ice Magic
 + Level 3.3(0.6) Air Magic
 + Level 3.3(0.6) Earth Magic
 + Level 3.3(0.6) Poison Magic
 + Level 4.5(1.7) Invocations
 + Level 4.0(1.3) Evocations


You had 20 spell levels left.
You knew the following spells:

 Your Spells              Type           Power        Failure   Level  Hunger
a - Infusion              Chrm           ###.         4%          1    None


Dungeon Overview and Level Annotations

Branches:
Dungeon (7/15)             Temple (1/1) D:4

Altars:
Ashenzari
Cheibriados
Dithmenos
Elyvilon
Fedhas
Gozag
Hepliaklqana
Kikubaaqudgha
Makhleb
Nemelex Xobeh
Okawaru
Qazlal
Ru
Sif Muna
Trog
Uskayaw
Vehumet
Xom
Yredelemnul
Zin
The Shining One


Innate Abilities, Weirdness & Mutations

Your experience applies equally to all skills.
You have very sharp teeth.
You are missing an eye, making it more difficult to aim.
Your uncanny sense of smell can sniff out nearby items.
You are partially covered in yellow scales. (AC +2)
You are agile. (Dex +2)
Scrolls take you a little longer to read.
Your mind is acute. (Int +2)
You are weak. (Str -2)


Message History

* * * LOW HITPOINT WARNING * * *
You feel drained.
* * * LOW HITPOINT WARNING * * *
Really read with blurry vision while enemies are nearby?
Okay, then.
Really read with blurry vision while enemies are nearby?
Okay, then.
Really read with blurry vision while enemies are nearby?
The wight closely misses you. The wight hits you but does no damage.
You begin reading the scroll.
You continue reading the scroll.
The wight hits you from afar with an enchanted halberd.
* * * LOW HITPOINT WARNING * * *
You feel drained.
* * * LOW HITPOINT WARNING * * *
The wight hits you but does no damage. x2
As you read the scroll of teleportation, it crumbles to dust.
You feel strangely unstable. The wight hits you but does no damage.
The wight hits you from afar with an enchanted halberd!
You die...

########### # ######
#.........# # #....#
#.#######.# ### #....#
#.# ####.# ..#
#....###.####....# ..#
#....'...#@....### ..##
#....###.#.zz..#
...####....###.#..z..#
...'†.†.............>#
...####..............#
...# #...............#
........................#
...(..(.....$........##.#
.!..................:.. #


You could see 3 wights.

Vanquished Creatures
  The ghost of filthincarnate the Slicer, a novice KoAK of Lugonu (D:7)
  The ghost of mutatedcat the Grave Robber, a novice DsNe of Yredelemnul (D:5)
  An orc warrior (D:6)
  A sky beast (D:5)
  An ice beast (D:7)
  2 phantoms
  2 ogres
  2 bullfrogs
  2 scorpions
  A centaur zombie (D:5)
  2 crimson imps
  A bullfrog zombie (D:5)
  A quasit (D:7)
  2 jellies (D:6)
  A bullfrog skeleton (D:4)
  Crazy Yiuf (D:5)
  Jessica (D:2)
  Terence (D:2)
  3 worker ants
  A river rat (D:5)
  5 adders
  A shadow imp (D:6)
  An adder zombie (D:6)
  An adder skeleton (D:7)
  2 worms
  2 dart slugs
  3 leopard geckos (D:5)
  18 orcs
  6 giant cockroaches
  5 goblins
  8 hobgoblins
  7 jackals
  5 kobolds
  2 quokkas
  A ball python (D:3)
  6 bats
  A frilled lizard (D:3)
  4 rats
  A plant (D:1)
107 creatures vanquished.

Vanquished Creatures (others)
  An orc wizard (D:7)
1 creature vanquished.

Grand Total: 108 creatures vanquished

Notes
Turn   | Place    | Note
-------+----------+-------------------------------------------
     0 | D:1      | mutatedcat the Gnoll Skald began the quest for the Orb.
     0 | D:1      | Reached XP level 1. HP: 20/20 MP: 6/6
   494 | D:1      | Reached XP level 2. HP: 26/26 MP: 7/7
   922 | D:1      | Reached XP level 3. HP: 15/31 MP: 7/9
   928 | D:1      | Reached skill level 5 in Spellcasting
  1336 | D:2      | Reached skill level 1 in Invocations
  1346 | D:2      | Noticed Terence
  1354 | D:2      | Killed Terence
  1354 | D:2      | Reached skill level 1 in Short Blades
  1354 | D:2      | Reached skill level 1 in Long Blades
  1354 | D:2      | Reached skill level 1 in Axes
  1354 | D:2      | Reached skill level 1 in Polearms
  1354 | D:2      | Reached skill level 1 in Staves
  1354 | D:2      | Reached skill level 1 in Slings
  1354 | D:2      | Reached skill level 1 in Bows
  1354 | D:2      | Reached skill level 1 in Crossbows
  1354 | D:2      | Reached skill level 1 in Throwing
  1354 | D:2      | Reached skill level 1 in Stealth
  1354 | D:2      | Reached skill level 1 in Shields
  1354 | D:2      | Reached skill level 1 in Unarmed Combat
  1354 | D:2      | Reached skill level 1 in Evocations
  1354 | D:2      | Reached XP level 4. HP: 27/38 MP: 3/11
  1417 | D:2      | Noticed Jessica
  1426 | D:2      | Killed Jessica
  1426 | D:2      | Reached skill level 1 in Conjurations
  1426 | D:2      | Reached skill level 1 in Hexes
  1426 | D:2      | Reached skill level 1 in Summonings
  1426 | D:2      | Reached skill level 1 in Necromancy
  1426 | D:2      | Reached skill level 1 in Translocations
  1426 | D:2      | Reached skill level 1 in Transmutations
  1426 | D:2      | Reached skill level 1 in Fire Magic
  1426 | D:2      | Reached skill level 1 in Ice Magic
  1426 | D:2      | Reached skill level 1 in Air Magic
  1426 | D:2      | Reached skill level 1 in Earth Magic
  1426 | D:2      | Reached skill level 1 in Poison Magic
  2432 | D:3      | Reached XP level 5. HP: 43/43 MP: 12/12
  3383 | D:4      | Reached XP level 6. HP: 50/50 MP: 13/13
  3717 | D:4      | Reached skill level 5 in Fighting
  3717 | D:4      | Reached skill level 5 in Maces & Flails
  3717 | D:4      | Reached skill level 5 in Dodging
  3794 | D:4      | Found a staircase to the Ecumenical Temple.
  4433 | D:4      | Got a dazzling ring mail
  4444 | D:4      | Identified the cursed +0 ring mail of Henotheism {Dex+5} (You found it on level 4 of the Dungeon)
  4602 | Temple   | Entered the Ecumenical Temple
  5002 | Temple   | Became a worshipper of Ru the Awakened
  5073 | D:5      | Entered Level 5 of the Dungeon
  5169 | D:5      | Noticed mutatedcat's ghost (novice DsNe)
  5174 | D:5      | Noticed a sky beast
  5205 | D:5      | Killed a sky beast
  5205 | D:5      | Reached XP level 7. HP: 36/56 MP: 5/15
  5221 | D:5      | Killed mutatedcat's ghost
  5274 | D:5      | Found a runed door.
  5358 | D:5      | Noticed Crazy Yiuf
  5382 | D:5      | Reached XP level 8. HP: 58/63 MP: 12/16
  5454 | D:5      | Found an opulent altar of Gozag.
  5454 | D:5      | Found a burning altar of Makhleb.
  5836 | D:5      | Found a sparkling altar of Nemelex Xobeh.
  6112 | D:5      | Killed Crazy Yiuf
  6503 | D:6      | Got a steaming robe
  6514 | D:6      | Identified the +1 robe of Geotyoly {*Corrode Regen+ Str+5 Stlth+} (You found it on level 6 of the Dungeon)
  7351 | D:6      | Gained mutation: You are missing an eye, making it more difficult to aim. [Ru sacrifice]
  7351 | D:6      | Reached * piety under Ru
  7594 | D:7      | Noticed filthincarnate's ghost (novice KoAK)
  7665 | D:7      | Killed filthincarnate's ghost
  7665 | D:7      | Reached XP level 9. HP: 37/69 MP: 16/18
  7668 | D:7      | Found a sacrificial altar of Ru.
  7720 | D:7      | Gained mutation: You are surrounded by a mild repulsion field. (EV +2) [potion of mutation]
  7720 | D:7      | Gained mutation: You are weak. (Str -2) [potion of mutation]
  7720 | D:7      | Gained mutation: Your mind is acute. (Int +2) [potion of mutation]
  7720 | D:7      | Gained mutation: You possess an exceptional clarity of mind. [potion of mutation]
  7721 | D:7      | Lost mutation: You possess an exceptional clarity of mind. [potion of mutation]
  7721 | D:7      | Lost mutation: You are surrounded by a mild repulsion field. (EV +2) [potion of mutation]
  7721 | D:7      | Gained mutation: You are agile. (Dex +2) [potion of mutation]
  7721 | D:7      | Gained mutation: Scrolls take you a little longer to read. [potion of mutation]
  7721 | D:7      | Gained mutation: You are partially covered in yellow scales. (AC +2) [potion of mutation]
  7733 | D:7      | Noticed a two-headed ogre
  8361 | D:7      | HP: 3/69 [wight/enchanted halberd (2)]
  8362 | D:7      | Mangled by a wight

Skill      XL: |  1  2  3  4  5  6  7  8  9 |
---------------+----------------------------+-----
Spellcasting   | 5 6 |  6.5
Invocations    | 1 2 3 4 |  4.5
Short Blades   | 1 2 3 4 |  4.0
Long Blades    | 1 2 3 4 |  4.0
Axes           | 1 2 3 4 |  4.0
Polearms       | 1 2 3 4 |  4.0
Staves         | 1 2 3 4 |  4.0
Slings         | 1 2 3 4 |  4.0
Bows           | 1 2 3 4 |  4.0
Crossbows      | 1 2 3 4 |  4.0
Throwing       | 1 2 3 4 |  4.0
Stealth        | 1 2 3 4 |  4.0
Shields        | 1 2 3 4 |  4.0
Unarmed Combat | 1 2 3 4 |  4.0
Evocations     | 1 2 3 4 |  4.0
Conjurations   | 1 2 3 |  3.3
Hexes          | 1 2 3 |  3.3
Summonings     | 1 2 3 |  3.3
Necromancy     | 1 2 3 |  3.3
Translocations | 1 2 3 |  3.3
Transmutations | 1 2 3 |  3.3
Fire Magic     | 1 2 3 |  3.3
Ice Magic      | 1 2 3 |  3.3
Air Magic      | 1 2 3 |  3.3
Earth Magic    | 1 2 3 |  3.3
Poison Magic   | 1 2 3 |  3.3
Armour         | 3 4 |  4.9
Fighting       | 5 6 |  6.2
Maces & Flails | 5 6 |  6.2
Dodging        | 5 6 |  6.2
Charms         | 6 |  6.4

Action                   |  1- 3 |  4- 6 |  7- 9 || total
-------------------------+-------+-------+-------++-------
Melee: Mace              |   120 |   128 |       ||   248
       Bite              |    17 |    28 |    40 ||    85
       Rapier            |       |    31 |   189 ||   220
       Hand axe          |       |       |   203 ||   203
       Punch             |       |       |     4 ||     4
       Quarterstaff      |       |       |     7 ||     7
Throw: Tomahawk          |       |     3 |     1 ||     4
       Throwing net      |       |       |     3 ||     3
 Cast: Infusion          |     1 |     5 |    10 ||    16
Invok: Sacrifice an Eye  |       |       |     1 ||     1
  Use: Scroll            |       |     9 |     4 ||    13
       Potion            |       |     1 |     9 ||    10
 Stab: Invisible         |       |     3 |       ||     3
       Sleeping          |       |       |     2 ||     2
  Eat: Ration            |     1 |     3 |     4 ||     8
Armor: Leather armour    |    17 |       |   147 ||   164
       Plate armour      |    80 |     4 |       ||    84
       Scale mail        |       |    65 |       ||    65
       Ring mail         |       |    24 |    18 ||    42
Dodge: Dodged            |    45 |   108 |   298 ||   451
